 Dungeon Crawl Stone Soup version 0.32-a0-711-g016ad743e0 (webtiles) character file.

Game seed: 11474787810276474464

11050 gimp the Mimic (level 11, -7/163 HPs)
             Began as an Oni Shapeshifter on Mar 15, 2024.
             Was a Priest of Trog.
             Shot with an arrow by a deep elf archer (25 damage)
             ... on level 10 of the Dungeon on Mar 16, 2024.
             The game lasted 00:18:04 (13243 turns).

gimp the Mimic (Oni Shapeshifter)                  Turns: 13243, Time: 00:18:04

Health: -7/163     AC:  1    Str: 20    XL:     11   Next: 71%
Magic:  11/11      EV: 15    Int: 11    God:    Trog [***...]
Gold:   503        SH:  5    Dex: 12    Spells: 10/10 levels left

rFire   . .          .
                       - Unarmed
rCold   . . .        (shield currently unavailable)
rNeg    . . .        b - melded +0 steam dragon scales
rPois   .            (helmet restricted)
rElec   .            (no cloak)
rCorr   .            (gloves unavailable)
SInv    .            (boots unavailable)
Will    +....        x - amulet of reflection Stlth
                     (no ring)
HPRegen 0.47/turn    (no ring)
MPRegen 0.12/turn

%: reflection
@: berserking, flux-form, glowing, very quick
A: glow, contaminating, large, unfitting armour, horns 1, tough skin 1, double
potion healing, drunken brawling
a: Begin Untransformation, Renounce Religion, Berserk, Trog's Hand


You were on level 10 of the Dungeon.
You worshipped Trog.
Trog was most pleased with you.
You were something dangerously unstable.
You visited 2 branches of the dungeon, and saw 11 of its levels.
You also visited: Sewer and Ossuary.

You collected 593 gold pieces.
You spent 90 gold pieces at shops.

Inventory:

Missiles
 B - 3 curare-tipped darts (quivered)
Armour
 b - +0 steam dragon scales (melded)
Jewellery
 x - an amulet of reflection (around neck)
 y - an amulet of faith
Talismans
 d - a flux talisman (active)
 i - a maw talisman
 s - a blade talisman
Wands
 a - a wand of paralysis (6)
 c - a wand of mindburst (11)
 q - a wand of light (1)
 t - a wand of flame (18)
 F - a wand of digging (4)
Scrolls
 g - 3 scrolls of fear
 k - 3 scrolls of enchant armour
 m - 2 scrolls of immolation
 n - a scroll of poison
 p - 2 scrolls of butterflies
 r - a scroll of blinking
 u - a scroll of vulnerability
 v - a scroll of fog
 w - 2 scrolls of teleportation
 D - 2 scrolls of revelation
 E - 2 scrolls of silence
 H - 2 scrolls of identify
Potions
 e - 2 potions of ambrosia
 f - 7 potions of enlightenment
 h - a potion of brilliance
 j - 2 potions of curing
 l - 4 potions of heal wounds
 o - 2 potions of resistance
 z - 3 potions of haste
 A - 3 potions of attraction
 C - a potion of magic
 G - a potion of lignification


   Skills:
 - Level 7.0 Fighting
 * Level 7.3 Dodging
 + Level 10.6 Unarmed Combat
 + Level 10.7 Shapeshifting


You had 10 spell levels left.
You didn't know any spells.
Your spell library contained the following spells:

 Spells                   Type           Power      Damage    Failure   Level
 Slow                     Hex            0%         N/A       34%         1
 Confusing Touch          Hex            0%         N/A       71%         3
 Vampiric Draining        Necr           0%         2d6       71%         3
 Animate Armour           Summ/Erth      0%         N/A       98%         4
 Summon Lightning Spire   Summ/Air       0%         N/A       98%         4
 Lee's Rapid Deconstruct  Erth           0%         3d4*      100%        5


Dungeon Overview and Level Annotations

Branches:
Dungeon (10/15)            Temple (1/1) D:6            Lair (0/5) D:9
    Orc (0/2) D:10          Sewer (visited)         Ossuary (visited)

Altars:
Ashenzari
Cheibriados
Dithmenos
Elyvilon
Fedhas
Gozag
Hepliaklqana
Kikubaaqudgha
Makhleb
Nemelex Xobeh
Okawaru
Qazlal
Ru
Sif Muna
Trog
Uskayaw
Vehumet
Wu Jian
Xom
Yredelemnul
Zin
The Shining One

Annotations:
D:6 1 runed translucent door, exclusion: door, Crazy Yiuf
D:10 7 exclusions


Innate Abilities, Weirdness & Mutations

You are something dangerously unstable.
You glow with magical radiation, making you easy to see and hit.
Foes you strike become dangerously contaminated with magical radiation.
You are incapable of wielding weapons or throwing items.
You are too large for most types of armour.
You have a pair of small horns on your head.
You have tough skin. (AC +1)
You gain doubled healing and magic from potions.
Whenever you drink a healing potion, you attack all around you.


Message History

You punch the sky beast!
The sky beast glows dangerously bright.
You headbutt the sky beast.
The sky beast is heavily wounded.
The sky beast flickers out of sight for a moment.
You block the sky beast's attack.
You closely miss the sky beast. Your headbutt misses the sky beast.
The sky beast is heavily wounded.
You punch the sky beast!
The sky beast shudders as magic cascades through it!
You kill the sky beast!
Trog accepts your kill.
Your life force feels restored.
You hit the ice beast.
The ice beast begins to glow.
The ice beast is lightly wounded.
You block the ice beast's attack.
You hit the ice beast but do no damage.
The ice beast glows dangerously bright.
You headbutt the ice beast.
The ice beast is moderately wounded.
You hit the ice beast but do no damage.
The ice beast shudders as magic cascades through it!!
You kill the ice beast!
Trog accepts your kill.
No target in range!
No target in range!
A fire bat comes into view.
The deep elf archer unwields a +0 shortbow.
The deep elf archer wields a +0 short sword.
The deep elf archer closely misses you.
Things that are here:
a +2 dagger of draining; a +0 ring mail; an elf skeleton You punch the deep elf archer!
The deep elf archer begins to glow.
The deep elf archer is moderately wounded.
The fire bat misses you.
The deep elf archer hits you with a +0 short sword!
You take 16 damage, and have 85/109 hp.
You barely miss the deep elf archer.
Your headbutt misses the deep elf archer.
The deep elf archer is moderately wounded.
The fire bat bites you.
You are engulfed in flames!
The deep elf archer closely misses you.
You take 14 damage, and have 71/109 hp.
You punch the deep elf archer!
The deep elf archer glows dangerously bright.
The deep elf archer is moderately wounded.
The fire bat closely misses you.
The deep elf archer gestures wildly while chanting.
The deep elf archer blinks!
No target in range!
As you close the door, it creaks loudly!
The fire bat closely misses you. The fire bat bites you.
You are engulfed in flames!
You take 15 damage, and have 57/109 hp.
You closely miss the fire bat. The fire bat barely misses you.
You punch the fire bat!
The fire bat begins to glow.
The fire bat is heavily wounded.
You block the fire bat's attack.
You barely miss the fire bat. You headbutt the fire bat.
The fire bat is heavily wounded.
The fire bat barely misses you. The fire bat misses you.
The fire bat bites you.
You are engulfed in flames.
You take 11 damage, and have 47/109 hp.
You hit the fire bat but do no damage.
The fire bat glows dangerously bright.
The fire bat is heavily wounded.
The fire bat bites you.
You are engulfed in flames!
You take 8 damage, and have 39/109 hp.
You hit the fire bat.
The fire bat shudders as magic cascades through it!
The fire bat twists and deforms.
The fire bat is almost dead.
The fire bat closely misses you.
Aiming: Mindburst
Press: ? - help, Shift-Dir - straight line, f - fire bat
Aim: a fire bat (almost dead, misshapen and mutated, chance to affect: 75%)
The fire bat struggles to resist.
The fire bat completely misses you.
You closely miss the deep elf archer.
The deep elf archer is moderately wounded.
The fire bat bites you.
You are engulfed in flames.
* * * LOW HITPOINT WARNING * * *
You take 8 damage, and have 31/109 hp.
A red film seems to cover your vision as you go berserk!
You feel yourself moving faster!
You feel mighty!
The deep elf archer gestures wildly while chanting.
The deep elf archer blinks!
The fire bat bites you.
* * * LOW HITPOINT WARNING * * *
You are engulfed in flames.
* * * LOW HITPOINT WARNING * * *
You now have 40/163 hp.
You punch the fire bat!
You kill the fire bat!
Trog accepts your kill.
The deep elf archer unwields a +0 short sword.
The deep elf archer wields a +0 shortbow.
The deep elf archer shoots an arrow.
The arrow closely misses you.
You feel a strong urge to attack something.
The deep elf archer shoots an arrow.
The arrow hits you!!
* * * LOW HITPOINT WARNING * * *
You take 22 damage, and have 18/163 hp.
The deep elf archer stops glowing.
The deep elf archer shoots an arrow.
The arrow hits you!!
You die...

#.# #.# ##.# ##..#
#...# ##+ ##### ###.#
.... ###.e.### #.#
#... #.......# #.####
#...##...p...##
#.##.##
#..'.........#
#.#.#.#
#..#.....ยง...#
#..###. #..
##..#)#..## #.#####
#.. ####'#### #....##
... ##.....## #.....#
######### #.......#
##.#... #...^...##
#.......# ##...#
#..##.##..###.......#
##..#


You could see a deep elf archer (repels missiles).

Vanquished Creatures
  2 two-headed ogres
  A deep elf archer (D:10)
  2 ugly things
  A deep elf pyromancer (D:10)
  Maggie (D:6)
  An unseen horror (D:10)
  A yaktaur (D:10)
  Sigmund (D:3)
  A shadow (D:10)
  9 yaks
  3 fire bats (D:10)
  A wyvern (D:7)
  A steam dragon (D:8)
  Menkaure (D:6)
  4 vampire mosquitoes (D:9)
  2 ice beasts
  2 orc warriors
  3 black bears
  A sky beast (D:10)
  3 centaurs
  An ogre (D:7)
  A phantom (D:4)
  An elf zombie (Ossuary)
  6 kobold brigands
  6 bullfrogs
  A gnoll sergeant (D:7)
  3 scorpions
  7 wights
  6 killer bees (D:10)
  A howler monkey (D:7)
  2 bombardier beetles
  A centaur zombie (Ossuary)
  A hound (D:5)
  5 human zombies (Ossuary)
  4 jellies
  8 orc priests
  Natasha (D:4)
  17 orc wizards
  2 spectral hounds (Ossuary)
  2 crocodile zombies (Ossuary)
  A bullfrog simulacrum (Ossuary)
  3 mummies (Ossuary)
  5 gnolls (D:7)
  15 adders
  3 hound simulacra (Ossuary)
  4 white imps
  4 ufetubi
  A spectral adder (Ossuary)
  A ribbon worm (D:4)
  4 spectral gnolls (Ossuary)
  2 dart slugs
  2 adder simulacra (Ossuary)
  46 orcs
  8 bats
  11 endoplasms
  6 giant cockroaches
  7 gnoll zombies (Ossuary)
  4 goblins
  2 hobgoblins
  5 jackals
  4 quokkas
  5 ball pythons
  6 frilled lizards
  4 gnoll simulacra (Ossuary)
  35 kobolds
  6 kobold zombies (Ossuary)
  3 orc zombies (Ossuary)
  9 rats
  2 spectral jackals (Ossuary)
325 creatures vanquished.

Vanquished Creatures (others)
  An orc wizard (D:5)
1 creature vanquished.

Grand Total: 326 creatures vanquished

Notes
Turn   | Place    | Note
-------+----------+-------------------------------------------
     0 | D:1      | gimp the Oni Shapeshifter began the quest for the Orb.
     0 | D:1      | Reached XP level 1. HP: 19/19 MP: 1/1
   112 | D:1      | Reached XP level 2. HP: 27/28 MP: 2/2
   217 | D:1      | Found a faded altar of an unknown god.
   318 | D:1      | Reached XP level 3. HP: 36/36 MP: 3/3
   828 | D:2      | Found an opulent altar of Gozag.
   833 | D:2      | Reached XP level 4. HP: 40/45 MP: 4/4
  1929 | D:3      | Noticed Sigmund
  2317 | D:3      | Reached XP level 5. HP: 52/54 MP: 5/5
  2457 | D:4      | Noticed a phantom
  2467 | D:4      | Killed a phantom
  2468 | D:4      | Reached XP level 6. HP: 51/63 MP: 6/6
  2595 | D:4      | Reached skill level 5 in Fighting
  2884 | D:4      | Noticed Natasha
  2892 | D:4      | Killed Natasha
  3136 | D:5      | Entered Level 5 of the Dungeon
  3338 | D:5      | Reached XP level 7. HP: 53/72 MP: 7/7
  3621 | D:5      | Reached skill level 5 in Shapeshifting
  3785 | D:5      | Reached skill level 5 in Unarmed Combat
  4324 | D:5      | Reached XP level 8. HP: 51/84 MP: 8/8
  4620 | D:6      | Noticed a yak
  4620 | D:6      | Noticed a yak
  4620 | D:6      | Noticed a yak
  4620 | D:6      | Noticed a yak
  4667 | D:6      | Found a shadowy altar of Dithmenos.
  4703 | D:6      | Noticed Maggie
  4713 | D:6      | Killed Maggie
  4739 | D:6      | Found a sand-covered staircase.
  4748 | Ossuary  | Entered an ossuary
  5013 | Ossuary  | Reached XP level 9. HP: 53/93 MP: 9/9
  5136 | D:6      | Found a glowing drain.
  5140 | D:6      | Found a staircase to the Ecumenical Temple.
  5162 | D:6      | Noticed Menkaure
  5164 | Sewer    | Entered a sewer
  5502 | Temple   | Entered the Ecumenical Temple
  5692 | Temple   | Became a worshipper of Trog the Wrathful
  5920 | D:6      | Killed Menkaure
  6512 | D:3      | Killed Sigmund
  6849 | D:6      | Found a white marble altar of Elyvilon.
  6895 | D:6      | Reached * piety under Trog
  7101 | D:6      | Reached XP level 10. HP: 45/102 MP: 10/10
  7390 | D:6      | Found a runed translucent door.
  7391 | D:6      | Noticed Crazy Yiuf
  7492 | D:7      | Found a glowing silver altar of Zin.
  7492 | D:7      | Found Zin's Purification Station.
  7501 | D:7      | Bought a potion of curing for 90 gold pieces
  7690 | D:7      | Found a snail-covered altar of Cheibriados.
  8102 | D:7      | Found a blossoming altar of Fedhas.
  8340 | D:7      | Found a glowing golden altar of the Shining One.
  8463 | D:7      | Found an ancient bone altar of Kikubaaqudgha.
  8833 | D:8      | Reached ** piety under Trog
  8950 | D:8      | Noticed a two-headed ogre
  8960 | D:8      | Killed a two-headed ogre
  9829 | D:9      | Noticed a purple ugly thing
  9927 | D:9      | Reached skill level 10 in Shapeshifting
 10125 | D:9      | Found a broken altar of Ashenzari.
 10128 | D:9      | Found a sparkling altar of Nemelex Xobeh.
 10139 | D:9      | Found a hazy altar of Hepliaklqana.
 10163 | D:9      | Found a staircase to the Lair.
 10185 | D:9      | Reached XP level 11. HP: 109/109 MP: 11/11
 10258 | D:9      | Killed a white ugly thing
 10259 | D:9      | Reached skill level 5 in Dodging
 10259 | D:9      | Reached skill level 10 in Unarmed Combat
 10550 | D:9      | Found a hide-covered altar of Uskayaw.
 11057 | D:9      | Found a shimmering blue altar of Sif Muna.
 11356 | D:10     | Entered Level 10 of the Dungeon
 11402 | D:10     | Reached *** piety under Trog
 11867 | D:10     | Noticed a deep elf archer
 11867 | D:10     | Noticed a deep elf pyromancer
 11878 | D:10     | Killed a deep elf pyromancer
 11948 | D:10     | Killed a deep elf archer
 12498 | D:10     | Noticed a two-headed ogre
 12503 | D:10     | Killed a two-headed ogre
 12599 | D:10     | Found a stormy altar of Qazlal.
 12609 | D:10     | Found a basalt altar of Yredelemnul.
 12609 | D:10     | Noticed a white ugly thing
 12618 | D:10     | Killed a brown ugly thing
 12814 | D:10     | Found a staircase to the Orcish Mines.
 12906 | D:10     | Found a white marble altar of Elyvilon.
 13211 | D:10     | Noticed a deep elf archer
 13243 | D:10     | Shot with an arrow by a deep elf archer

Illustrated notes

Levels and vault maps discovered:
D:1:      wander_arrival_lonely_grave, layout_basic,
          shapermc_ecumenical_altar_acropolis, glass_columns_c, chequers_jeans,
          minmay_misc_feat_ornament
D:2:      cheibrodos_pilgrimage, layout_basic, basic_altar, grunt_ministairs_14,
          minmay_misc_feat_cross, kennysheep_generic_room_16
D:3:      layout_basic, uniq_sigmund
D:4:      layout_cave_pools, uniq_natasha
D:5:      layout_loops_ring, due_unseen_surprise
D:6:      layout_cave_pools, nicolae_dithmenos_the_darkroom, elyvilon_altar_1,
          minmay_temple_entry_tees, gup_sewer_entry_glass,
          nicolae_ossuary_entry_ruins, minmay_misc_feat_chi,
          uniq_crazy_yiuf_cottage, uniq_maggie, uniq_menkaure
D:7:      layout_basic, old_standard_altar, mainiacjoe_overflow_alcove_2,
          zin_purify, nicolae_tso_carved_into_rock,
          mainiacjoe_overflow_24_doors, kennysheep_generic_room_5
D:8:      layout_loops_ring
D:9:      minmay_skewed_foursquare, layout_basic, lemuel_crystal_altar,
          cheibrodos_ashenzari_chains, lemuel_crystal_altar,
          lemuel_blue_sif_altar, amcnicky_altar_gilded, lair_entry_dummy
D:10:     dpeg_index_elf_rogue_hall, layout_loops_ring,
          nicolae_qazlal_general_emergency, orc_0_dummy,
          hangedman_feature_mirror, minmay_rotating_lava
Temple:   chequers_temple_sunken

Skill      XL: |  1  2  3  4  5  6  7  8  9 10 11 |
---------------+----------------------------------+-----
Fighting       | 2 3 4 5 6 7 |  7.0
Unarmed Combat | 3 4 5 6 8 9 10 | 10.6
Shapeshifting  | 4 5 7 8 10 | 10.7
Dodging        | 4 7 |  7.3

Action                     |  1- 3 |  4- 6 |  7- 9 | 10-12 || total
---------------------------+-------+-------+-------+-------++-------
  Melee: Unarmed           |    82 |   121 |   429 |   432 ||  1064
         Headbutt          |    12 |    17 |    96 |   105 ||   230
         Punch             |     2 |     1 |    12 |       ||    15
 Invoke: Berserk           |       |       |     1 |     7 ||     8
         Trog's Hand       |       |       |       |     2 ||     2
  Evoke: Wand              |       |       |       |    13 ||    13
    Use: Potion            |       |       |     3 |     3 ||     6
         Scroll            |       |       |    19 |     3 ||    22
   Stab: Paralysed         |       |       |       |    15 ||    15
 Armour: Animal skin       |    40 |    61 |    86 |       ||   187
         Skin              |       |       |    27 |   212 ||   239
         Steam dragon scal |       |       |   198 |       ||   198
  Dodge: Dodged            |    36 |    42 |   168 |   216 ||   462
  Block: Other             |       |       |    65 |    73 ||   138
         Reflection        |       |       |     2 |    11 ||    13
   Form: Flux              |       |       |     1 |       ||     1

Table legend: (Time is in decaauts)
 A = Elapsed time spent in this place.
 B = Non-inter-level travel time spent in this place.
 C = Inter-level travel time spent in this place.
 D = Time resting spent in this place.
 E = Time spent auto-exploring this place.
 F = Levels seen in this place.
 G = Mean time per level.
                   A        B        C        D        E       F      G
               +--------+--------+--------+--------+--------+-----+--------+
         Total |  13153 |  12625 |    528 |    563 |   9638 |  13 | 1011.8 |
       Dungeon |  12270 |  11783 |    487 |    408 |   9435 |  10 | 1227.0 |
        Temple |    212 |    171 |     41 |    155 |      0 |   1 |  212.0 |
         Sewer |    321 |    321 |      0 |      0 |    203 |   1 |  321.0 |
       Ossuary |    348 |    348 |      0 |      0 |      0 |   1 |  348.0 |
               +--------+--------+--------+--------+--------+-----+--------+

Top non-repeatable levels by time:
    D:10: 1880 daAuts
     D:5: 1657 daAuts
     D:9: 1532 daAuts
     D:2: 1422 daAuts
     D:7: 1203 daAuts
     D:6: 1144 daAuts
     D:8: 1101 daAuts
     D:3: 955 daAuts
     D:4: 824 daAuts
     D:1: 548 daAuts
 Ossuary: 348 daAuts
   Sewer: 321 daAuts
  Temple: 212 daAuts
